 Seeded DCSS version 0.31-a0-321-g19405a7a6a (webtiles) character file.

Game seed: 14215367866634240820 (custom seed)

12 innerfire43 the Changeling (level 2, -2/22 HPs)
             Began as a Demonspawn Shapeshifter on July 17, 2023.
             Slain by a goblin
             ... wielding a +0 club
              (3 damage)
             ... on level 1 of the Dungeon.
             The game lasted 00:00:50 (145 turns).

innerfire43 the Changeling (Demonspawn Shapeshifter) Turns: 145, Time: 00:00:50

Health: -2/22      AC:  2    Str: 15    XL:     2   Next: 20%
Magic:  2/2        EV: 12    Int:  9    God:
Gold:   7          SH:  0    Dex: 13    Spells: 1/1 levels left

rFire   . .          .
                       - Unarmed
rCold   . . .        (no shield)
rNeg    . . .        a - +0 animal skin
rPois   .            (helmet currently unavailable)
rElec   .            (cloak currently unavailable)
rCorr   .            (gloves currently unavailable)
SInv    .            (boots currently unavailable)
Will    .....        (no amulet)
Stlth   +            (no ring)
HPRegen 0.23/turn    (no ring)
MPRegen 0.08/turn

%: no passive effects
@: beast-form
A: beast (slay +1), demonic guardian 1
a: Begin Untransformation


You were on level 1 of the Dungeon.
You were a hulking beast.
You visited 1 branch of the dungeon, and saw 1 of its levels.

You collected 7 gold pieces.

Inventory:

Armour
 a - a +0 animal skin (worn)
Talismans
 c - a beast talisman
Scrolls
 d - a scroll of enchant weapon {unknown}
Potions
 b - a potion of lignification


   Skills:
 + Level 2.2 Fighting
 + Level 2.0 Dodging
 + Level 2.0 Unarmed Combat
 * Level 2.8 Shapeshifting


You had one spell level left.
You didn't know any spells.
Your spell library was empty.

Dungeon Overview and Level Annotations

Branches:
Dungeon (1/15)

Altars:


Innate Abilities, Weirdness & Mutations

You are a hulking beast.
Your limbs bulge with bestial killing power. (Slay +1)
A weak demonic guardian rushes to your aid.


Message History

You miss the quokka.
The quokka is almost dead.
The quokka bites you.
* * * LOW HITPOINT WARNING * * *
You barely miss the quokka.
The quokka is almost dead.
The quokka completely misses you.
You hit the quokka.
You kill the quokka!
A goblin comes into view. It is wielding a +0 club.
The goblin moves out of view.
You see here a quokka corpse.
You swap places.
The goblin hits you with a +0 club.
* * * LOW HITPOINT WARNING * * *
Things that are here:
9 gold pieces; a hobgoblin corpse Your quasit closely misses the goblin.
Your quasit barely misses the goblin.
Your quasit claws the goblin but does no damage.
The goblin hits you with a +0 club.
* * * LOW HITPOINT WARNING * * *
A demonic guardian appears!
Your quasit barely misses the goblin.
Your quasit claws the goblin but does no damage. x2
The goblin barely misses you.
Your quasit barely misses the goblin.
Your quasit claws the goblin but does no damage. x2
The goblin closely misses you.
You closely miss the goblin.
Your quasit bites the goblin but does no damage.
Your quasit claws the goblin but does no damage. x2
Your quasit barely misses the goblin. x2
Your quasit claws the goblin but does no damage.
The goblin hits you with a +0 club.
* * * LOW HITPOINT WARNING * * *
You barely miss the goblin.
Your quasit bites the goblin but does no damage.
Your quasit claws the goblin.
Your quasit misses the goblin. The goblin hits you with a +0 club.
You die...

.. .... #. ####.##..##
#.##...........
#.##........... . ##
#....~~~~≈~≈~~~ .. #.
#....≈≈≈~≈≈≈≈≈≈ .. #.
#...(~~≈≈≈≈≈≈≈≈
####.#.###....~≈≈#+#'#≈≈
.......h......~≈≈+(..##'
.......g......≈≈≈+...#..
.......#5##.)††≈≈#'#'#.#
♣P.....#5##...†~≈≈≈#...#
♣..P....†##..⌠..~≈~'.⌠.'
♣♣..##...##..⌠..≈~≈'.⌠.'
♣.......##....~≈≈≈#...#
.####...##...~~≈#+###.#
#........≈≈≈+ +..


You could see a goblin (ally target), a friendly quasit (summoned) and a
friendly white imp (summoned).

Vanquished Creatures
  A ball python (D:1)
  A goblin (D:1)
  A hobgoblin (D:1)
  4 jackals (D:1)
  A quokka (D:1)
  A frilled lizard (D:1)
  A rat (D:1)
10 creatures vanquished.

Notes
Turn   | Place    | Note
-------+----------+-------------------------------------------
     0 | D:1      | innerfire43 the Demonspawn Shapeshifter began the quest for
                  | the Orb.
     0 | D:1      | Reached XP level 1. HP: 16/16 MP: 1/1
   111 | D:1      | Gained mutation: A weak demonic guardian rushes to your
                  | aid. [demonic ancestry]
   111 | D:1      | Reached XP level 2. HP: 11/22 MP: 2/2
   144 | D:1      | HP: 1/22 [goblin/+0 club (3)]
   145 | D:1      | Slain by a goblin

Illustrated notes

Levels and vault maps discovered:
D:1:      dpeg_arrival_castle, layout_basic, serial_forest,
          infiniplex_forest_straight_2, infiniplex_forest_straight_3,
          infiniplex_forest_clump_double, infiniplex_forest_lined_1,
          infiniplex_forest_clump_small, infiniplex_forest_straight_2,
          infiniplex_forest_lined_3_way

Skill      XL: |  1 |
---------------+----+-----
Dodging        | 2 |  2.0
Unarmed Combat | 2 |  2.0
Fighting       | |  2.2
Shapeshifting  | |  2.8

Action                     || total
---------------------------++-------
  Melee: Unarmed           ||    38
         Punch             ||     2
 Armour: Animal skin       ||     4
  Dodge: Dodged            ||    29

Table legend: (Time is in decaauts)
 A = Elapsed time spent in this place.
 B = Non-inter-level travel time spent in this place.
 C = Inter-level travel time spent in this place.
 D = Time resting spent in this place.
 E = Time spent auto-exploring this place.
 F = Levels seen in this place.
 G = Mean time per level.
                   A        B        C        D        E       F      G
               +--------+--------+--------+--------+--------+-----+--------+
         Total |    150 |    150 |      0 |      0 |     36 |   1 |  150.0 |
       Dungeon |    150 |    150 |      0 |      0 |     36 |   1 |  150.0 |
               +--------+--------+--------+--------+--------+-----+--------+

Top non-repeatable levels by time:
     D:1: 150 daAuts
